 Dungeon Crawl Stone Soup version 0.31-a0-836-g3ceb0a68c4 (webtiles) character file.

Game seed: 8132566740668834098

335 IdlyInterested the Cutter (level 6, 0/44 HPs)
             Began as a Demonspawn Gladiator on Sept 26, 2023.
             Slain by an orc
             ... wielding a +0 club
              (3 damage)
             ... on level 4 of the Dungeon.
             The game lasted 00:12:26 (2833 turns).

IdlyInterested the Cutter (Demonspawn Gladiator)    Turns: 2833, Time: 00:12:26

Health: 0/44       AC:  9    Str: 14    XL:     6   Next: 28%
Magic:  6/6        EV:  7    Int: 12    God:
Gold:   21         SH:  0    Dex: 14    Spells: 5/5 levels left

rFire   . . .        e - +1 dagger (speed)
rCold   . . .        (no shield)
rNeg    . . .        E - +0 chain mail
rPois   .            c - +0 helmet
rElec   .            (no cloak)
rCorr   .            (no gloves)
SInv    .            (no boots)
Will    .....        (no amulet) Stlth
                     (no ring)
HPRegen 0.27/turn    (no ring)
MPRegen 0.10/turn

%: no passive effects
@: no status effects
A: hooves 1, wild magic 1, inability to drink after injury 1
a: no special abilities


You were on level 4 of the Dungeon.
You visited 1 branch of the dungeon, and saw 4 of its levels.

You collected 183 gold pieces.
You spent 162 gold pieces at shops.

Inventory:

Hand Weapons
 a - a +0 rapier
 e - a +1 dagger of speed (weapon)
 p - a +0 short sword
 C - the +4 hand axe "Alobrop" {flame, Str+3}
   (You found it on level 3 of the Dungeon)

   Str+3:     It affects your strength (+3).
Missiles
 d - 3 throwing nets
 l - 6 poisoned darts
 m - 52 stones (quivered)
 r - 2 boomerangs
 t - a javelin
Armour
 b - a +0 leather armour
 c - a +0 helmet (worn)
 f - a +0 helmet
 g - a +0 ring mail
 q - a +0 plate armour
 E - a +0 chain mail (worn)
Talismans
 x - a serpent talisman
Wands
 v - a wand of roots (4)
 A - a wand of polymorph (8)
Scrolls
 h - a scroll of fog {unknown}
 n - a scroll of revelation {unknown}
 o - a scroll of teleportation {unknown}
 w - a scroll of immolation {unknown}
 y - a scroll of torment {unknown}
 z - a scroll of silence {unknown}
 B - a scroll of enchant armour {unknown}
 F - a scroll of enchant weapon
 G - a scroll of identify
Potions
 i - 4 potions of heal wounds
 j - a potion of mutation
 k - a potion of ambrosia
 s - 3 potions of curing
 u - a potion of might
 D - a potion of enlightenment


   Skills:
 - Level 2.0 Fighting
 + Level 5.6 Short Blades
 - Level 2.0 Throwing
 - Level 1.0 Armour
 - Level 3.0 Dodging
 - Level 1.0 Stealth
 - Level 1.0 Invocations
 - Level 1.0 Evocations
 - Level 1.0 Shapeshifting


You had 5 spell levels left.
You didn't know any spells.
Your spell library contained the following spells:

 Spells                   Type           Power      Damage    Failure   Level
 Foxfire                  Conj/Fire      0%         2x1d4     100%        1
 Ensorcelled Hibernation  Hex/Ice        0%         N/A       100%        2
 Jinxbite                 Hex            0%         N/A       100%        2
 Momentum Strike          Conj/Tloc      0%         3d8       100%        2
 Anguish                  Hex/Necr       0%         N/A       100%        4
 Bombard                  Conj/Erth      0%         9d1       100%        6
 Chain Lightning          Conj/Air       0%         N/A       100%        9


Dungeon Overview and Level Annotations

Branches:
Dungeon (4/15)
 Temple: D:4-7

Altars:
Kikubaaqudgha

Shops:
D:1 =   D:2 ?   D:4 [


Innate Abilities, Weirdness & Mutations

You have large cloven feet.
Your spells are a little harder to cast, but a little more powerful.
You occasionally lose the ability to drink potions when taking damage.


Message History

The orc completely misses you. The orc hits you but does no damage.
You closely miss the orc. You hit the orc but do no damage.
The orc hits you but does no damage. The orc hits you with a +0 flail.
* * * LOW HITPOINT WARNING * * *
You hit the orc but do no damage. You kick the orc, but do no damage.
You hit the orc but do no damage. You kick the orc, but do no damage.
The orc hits you but does no damage. The orc closely misses you.
You closely miss the orc. Your kick misses the orc. You hit the orc.
Your kick misses the orc.
The orc is lightly wounded.
The orc hits you but does no damage. The orc hits you with a +0 flail!
* * * LOW HITPOINT WARNING * * *
You hit the orc but do no damage. Your kick misses the orc.
The orc is lightly wounded.
You hit the orc but do no damage. Your kick misses the orc.
The orc is lightly wounded.
You hit the orc. You kick the orc.
The orc is severely wounded.
The orc hits you with a +0 flail.
* * * LOW HITPOINT WARNING * * *
The orc hits you but does no damage.
You hit the orc but do no damage.
The orc is severely wounded.
You closely miss the orc. You kick the orc, but do no damage.
The orc is severely wounded.
The orc hits you but does no damage. x2
You hit the orc but do no damage.
The orc is severely wounded.
You barely miss the orc.
The orc is severely wounded.
The orc hits you with a +0 club.
* * * LOW HITPOINT WARNING * * *
The orc hits you but does no damage.
You hit the orc but do no damage. Your kick misses the orc.
The orc is severely wounded.
You hit the orc but do no damage.
The orc is severely wounded.
The orc hits you with a +0 club.
You die...

....# #. #.#.# #.#.. .# #.#.#
#.#.## ##.# #.#.# #...... ..#
#.#.# .....#. ..#
#.#.############r... #.#
..#........)...#r#o# ##.####
##############.#o#.###8.8#8##
#.#@#.##.......##
#.#o#.#8.<.∩.>.8#
#..............##
#.........###8.8#8##
#.....##### ##..### #......
...# #.....# ###.# #.....#
#.# ###.### #.#


You could see 2 orcs and 2 quokkas.

Vanquished Creatures
  A bullfrog (D:3)
  A scorpion (D:4)
  An orc priest (D:4)
  2 orc wizards (D:4)
  Robin (D:2)
  2 adders (D:3)
  6 dart slugs
  4 orcs (D:4)
  6 endoplasms
  4 giant cockroaches
  8 hobgoblins
  6 jackals (D:1)
  6 kobolds
  A quokka (D:3)
  3 ball pythons (D:1)
  5 bats
  4 frilled lizards
  16 goblins
  5 rats
82 creatures vanquished.

Notes
Turn   | Place    | Note
-------+----------+-------------------------------------------
     0 | D:1      | IdlyInterested the Demonspawn Gladiator began the quest for
                  | the Orb.
     0 | D:1      | Reached XP level 1. HP: 16/16 MP: 1/1
    22 | D:1      | Reached skill level 3 in Short Blades
   132 | D:1      | Gained mutation: You have large cloven feet. [demonic
                  | ancestry]
   132 | D:1      | Reached XP level 2. HP: 22/22 MP: 2/2
   488 | D:1      | Reached XP level 3. HP: 20/27 MP: 3/3
   527 | D:1      | Found Huungaus's Jewellery Emporium.
   765 | D:1      | Reached skill level 1 in Armour
   966 | D:2      | Noticed Robin
  1058 | D:2      | Gained mutation: Your spells are a little harder to cast,
                  | but a little more powerful. [potion of mutation]
  1058 | D:2      | Gained mutation: You occasionally lose the ability to drink
                  | potions when taking damage. [potion of mutation]
  1130 | D:2      | Killed Robin
  1178 | D:2      | Reached skill level 4 in Short Blades
  1327 | D:2      | Reached XP level 4. HP: 33/33 MP: 4/4
  1450 | D:2      | Found a faded altar of an unknown god.
  1451 | D:2      | Found Otut's Magic Scroll Emporium.
  2062 | D:3      | Noticed a bullfrog
  2078 | D:3      | Killed a bullfrog
  2079 | D:3      | Reached skill level 1 in Stealth
  2079 | D:3      | Reached XP level 5. HP: 19/38 MP: 5/5
  2094 | D:3      | Got a strange book
  2152 | D:3      | Identified the +4 hand axe "Alobrop" {flame, Str+3}
  2382 | D:3      | Found an ancient bone altar of Kikubaaqudgha.
  2479 | D:2      | Bought a scroll of enchant weapon for 97 gold pieces
  2479 | D:2      | Bought a scroll of identify for 26 gold pieces
  2479 | D:2      | Bought a scroll of identify for 26 gold pieces
  2479 | D:2      | Bought a scroll of noise for 13 gold pieces
  2549 | D:4      | Found Opnah's Antique Armour Emporium.
  2617 | D:4      | Reached skill level 5 in Short Blades
  2617 | D:4      | Reached skill level 1 in Shapeshifting
  2639 | D:4      | Reached skill level 1 in Evocations
  2639 | D:4      | Reached XP level 6. HP: 40/44 MP: 6/6
  2653 | D:4      | Reached skill level 1 in Invocations
  2833 | D:4      | Slain by an orc

Illustrated notes

Levels and vault maps discovered:
D:1:      shiori_shiawase, layout_basic, serial_shops,
          nicolae_shop_just_a_little_nook
D:2:      layout_basic, basic_ecumenical_altar, serial_shops, shop_statue,
          uniq_robin
D:3:      layout_rooms, mainiacjoe_overflow_brackets, st_stairs_3,
          minmay_gold_behind_fungi, lightli_corner_chamber
D:4:      layout_loops_ring, lemuel_zombie_altar_yredelemnul,
          nicolae_stop_n_shop_2, uniq_blork_the_orc

Skill      XL: |  1  2  3  4  5  6 |
---------------+-------------------+-----
Short Blades   | 3 4 5 |  5.6
Throwing       | 2 |  2.0
Armour         | 1 |  1.0
Dodging        | 3 |  3.0
Stealth        | 1 |  1.0
Shapeshifting  | 1 |  1.0
Evocations     | 1 |  1.0
Invocations    | 1 |  1.0
Fighting       | |  2.0

Action                     |  1- 3 |  4- 6 || total
---------------------------+-------+-------++-------
  Melee: Rapier            |   122 |       ||   122
         Kick              |    20 |    49 ||    69
         Punch             |     2 |     2 ||     4
         Dagger            |     3 |   161 ||   164
         Unarmed           |       |    15 ||    15
  Throw: Dart              |     5 |       ||     5
         Javelin           |     1 |       ||     1
         Stone             |     1 |       ||     1
  Evoke: Wand              |       |     1 ||     1
    Use: Potion            |     2 |       ||     2
         Scroll            |       |     5 ||     5
 Armour: Leather armour    |     4 |       ||     4
         Ring mail         |    62 |    33 ||    95
         Skin              |       |    34 ||    34
         Chain mail        |       |    30 ||    30
  Dodge: Dodged            |    58 |    50 ||   108

Table legend: (Time is in decaauts)
 A = Elapsed time spent in this place.
 B = Non-inter-level travel time spent in this place.
 C = Inter-level travel time spent in this place.
 D = Time resting spent in this place.
 E = Time spent auto-exploring this place.
 F = Levels seen in this place.
 G = Mean time per level.
                   A        B        C        D        E       F      G
               +--------+--------+--------+--------+--------+-----+--------+
         Total |   2758 |   2273 |    485 |    242 |   1039 |   4 |  689.5 |
       Dungeon |   2758 |   2273 |    485 |    242 |   1039 |   4 |  689.5 |
               +--------+--------+--------+--------+--------+-----+--------+

Top non-repeatable levels by time:
     D:1: 1117 daAuts
     D:2: 785 daAuts
     D:3: 626 daAuts
     D:4: 229 daAuts
